 Dungeon Crawl Stone Soup version bcrawl-1.12-8-g964540c432 (webtiles) character file.

Game seed: 11066091471476462213

2 MisterOstroum the Sneak (level 1, 0/15 HPs)
             Began as a Demonspawn Archaeologist on June 5, 2019.
             Slain by a worm (7 damage)
             ... on level 1 of the Dungeon.
             The game lasted 00:00:45 (227 turns).

MisterOstroum the Sneak (Demonspawn Archaeologist)   Turns: 227, Time: 00:00:46

Health: 0/15       AC:  8    Str: 11    XL:     1   Next: 33%
Magic:  1/1        EV:  7    Int: 15    God:
Gold:   0          SH:  9    Dex: 11    Spells: 0/0 levels left

rFire    . . .     SeeInvis .   h - +0 spear
rCold    . . .     Gourm    .   i - +0 large shield
rNeg     . . .     Faith    .   a - +1 robe
rPois    .         Spirit   .   b - +1 hat
rElec    .         Reflect  .   (no cloak)
rCorr    .         Harm     .   d - +1 pair of gloves
MR       .....                  c - +1 pair of boots
Stlth    ++........             (no amulet)
HPRegen  0.05/turn              (no ring)
MPRegen  0.07/turn              (no ring)

@: no status effects
A: no striking features
a: no special abilities


You were on level 1 of the Dungeon.
You were not hungry.

You visited 1 branch of the dungeon, and saw 1 of its levels.

Inventory:

Hand Weapons
 h - a +0 spear (weapon)
Armour
 a - a +1 robe (worn)
 b - a +1 hat (worn)
 c - a +1 pair of boots (worn)
 d - a +1 pair of gloves (worn)
 i - a +0 large shield (worn)
Potions
 j - a potion of lignification {unknown}
Miscellaneous
 f - an ancient crate
 g - a dusty tome
Comestibles
 e - 2 rations {!d}


   Skills:
 + Level 1.4 Fighting
 - Level 2.6 Dodging
 - Level 3.0 Stealth


You couldn't memorise any spells.
You didn't know any spells.
Your spell library was empty.

Dungeon Overview and Level Annotations

Branches:
Dungeon (1/12)

Altars:


Message History

You reach to attack!
You barely miss the frilled lizard.
The hobgoblin shouts!
You hit the frilled lizard.
You kill the frilled lizard!
You block the bat's attack.
Attack whom?
Press: ? - help, Dir - move target cursor, f - bat
Aim: a bat You reach to attack!
You miss the bat. You block the bat's attack.
The bat hits you but does no damage.
Attack whom?
Press: ? - help, Dir - move target cursor, f/p - bat
Aim: a bat You reach to attack!
You barely miss the bat. The bat hits you.
You closely miss the bat. The bat barely misses you.
You closely miss the hobgoblin. You block the bat's attack.
The hobgoblin barely misses you. The hobgoblin closely misses you.
You closely miss the hobgoblin. The bat closely misses you.
You block the hobgoblin's attack.
You closely miss the hobgoblin. You block the bat's attack.
The hobgoblin hits you but does no damage.
You hit the hobgoblin.
The hobgoblin is moderately wounded.
The bat barely misses you. The bat hits you but does no damage.
The hobgoblin hits you but does no damage.
You hit the hobgoblin but do no damage.
The hobgoblin is moderately wounded.
You block the bat's attack. You block the hobgoblin's attack.
You closely miss the hobgoblin.
The hobgoblin is moderately wounded.
You block the bat's attack.
The hobgoblin hits you but does no damage.
You hit the hobgoblin but do no damage.
The hobgoblin is moderately wounded.
You block the bat's attack. You block the hobgoblin's attack.
The bat hits you but does no damage.
You barely miss the hobgoblin.
The hobgoblin is moderately wounded.
You block the bat's attack.
The hobgoblin hits you but does no damage.
You hit the hobgoblin but do no damage.
The hobgoblin is moderately wounded.
You block the bat's attack. The hobgoblin hits you with a +0 club.
The worm bites you but does no damage. The hobgoblin hits you with a +0 club.
You are too injured to fight recklessly!
You are too injured to fight recklessly!
You are too injured to fight recklessly!
You are too injured to fight recklessly!
You are too injured to fight recklessly!
You are too injured to fight recklessly!
You are too injured to fight recklessly!
You are too injured to fight recklessly!
You are too injured to fight recklessly!
You are too injured to fight recklessly!
You are too injured to fight recklessly!
You are too injured to fight recklessly!
You are too injured to fight recklessly!
You are too injured to fight recklessly!
You are too injured to fight recklessly!
You are too injured to fight recklessly!
You are too injured to fight recklessly!
You are too injured to fight recklessly!
You are too injured to fight recklessly!
You are too injured to fight recklessly!
You are too injured to fight recklessly!
You are too injured to fight recklessly!
You are too injured to fight recklessly!
You are too injured to fight recklessly!
You are too injured to fight recklessly!
You are too injured to fight recklessly!
You are too injured to fight recklessly!
You are too injured to fight recklessly!
You are too injured to fight recklessly!
You are too injured to fight recklessly!
You are too injured to fight recklessly!
You are too injured to fight recklessly!
You are too injured to fight recklessly!
You are too injured to fight recklessly!
The bat barely misses you. You block the hobgoblin's attack.
The bat hits you but does no damage. You block the bat's attack.
The bat hits you but does no damage.
You are too injured to fight recklessly!
You are too injured to fight recklessly!
You are too injured to fight recklessly!
You miss the bat. You block the bat's attack.
You hit the bat.
You kill the bat!
The worm barely misses you.
Attack whom?
Press: ? - help, Dir - move target cursor, f - worm
Aim: a worm You hit the worm.
The worm is lightly wounded.
You hit the worm.
The worm is moderately wounded.
You block the worm's attack.
You hit the worm.
The worm is heavily wounded.
The worm bites you!
You die...

..?.... ....... #
......# #. .....# # .#
.....# ... 8#.....# ..
.....#####†.....## ##..
.......@wg.......####...
.....####...............
... #............... #
##..##..........
#...#..........
#..............
##.#......#....
#.#.....#8#...
#.#......^.#.#


You could see a worm and a hobgoblin.

Vanquished Creatures
  A bat (D:1)
  A frilled lizard (D:1)
  A kobold (D:1)
3 creatures vanquished.

Notes
Turn   | Place    | Note
-------+----------+-------------------------------------------
     0 | D:1      | MisterOstroum the Demonspawn Archaeologist began the quest
                  | for the Orb.
     0 | D:1      | Reached XP level 1. HP: 15/15 MP: 1/1
   227 | D:1      | Slain by a worm

Action                   || total
-------------------------++-------
Melee: Spear             ||    35
Armor: Robe              ||    14
Dodge: Dodged            ||    16
Block: Large shield      ||    16
